[Event "World Junior U20 Championship"]
[Site "Czarna"]
[Date "2010.08.04"]
[Round "2.23"]
[White "Baryshpolets, Andrey"]
[Black "Lewicki, Miroslaw"]
[Result "1-0"]
[WhiteElo "2450"]
[BlackElo "2149"]
[PlyCount "77"]
[EventDate "2010.??.??"]
[TimeControl "5400"]

1. d4 Nf6 2. c4 c5 3. d5 b5 4. cxb5 a6 5. bxa6 Bxa6 6. Nc3 d6 7. Nf3 g6 8. g3
Bg7 9. Bg2 O-O 10. O-O Nbd7 11. Rb1 Ng4 12. Bd2 Nge5 13. Nxe5 Bxe5 14. Qc2 Qc7
15. b3 Rfb8 16. a4 Rb7 17. Rfc1 Rab8 18. Be1 Rb6 19. Na2 Qb7 20. b4 cxb4 21.
Rxb4 Qc7 22. Rbb1 Qb7 23. Rb4 Qa7 24. Rxb6 Rxb6 25. Nb4 Bf6 26. a5 Rb7 27. Qc8+
Kg7 28. Nc6 Qc5 29. Nb4 Qa7 30. Nc6 Qc5 31. Rxc5 Nxc5 32. Nb8 Bxe2 33. Bf1 Bf3
34. a6 Rb1 35. a7 Rxe1 36. a8=Q Be2 37. Nc6 Rxf1+ 38. Kg2 Kh6 39. Qa2 1-0

[Event "World Junior U20 Championship"]
[Site "Czarna"]
[Date "2010.08.04"]
[Round "2.24"]
[White "Saric, Ivan"]
[Black "Hercules, Benjamin Vincent"]
[Result "1-0"]
[WhiteElo "2584"]
[BlackElo "2057"]
[PlyCount "41"]
[EventDate "2010.??.??"]
[TimeControl "5400"]

1. e4 c5 2. Nf3 Nc6 3. d4 cxd4 4. Nxd4 Nf6 5. Nc3 d6 6. Bg5 e6 7. Qd2 a6 8.
O-O-O h6 9. Nxc6 bxc6 10. Bf4 d5 11. Qe3 Be7 12. Be2 Nd7 13. exd5 cxd5 14. h4
Qb6 15. Qg3 Bf6 16. Bd6 Bb7 17. Rhe1 e5 18. Ba3 d4 19. Bg4 O-O-O 20. Na4 Qa7
21. Bc5 1-0

[Event "World Junior U20 Championship"]
[Site "Czarna"]
[Date "2010.08.04"]
[Round "2.25"]
[White "Lomsadze, Davit"]
[Black "Hammer, Jon Ludvig"]
[Result "1/2-1/2"]
[WhiteElo "2364"]
[BlackElo "2636"]
[PlyCount "105"]
[EventDate "2010.??.??"]
[TimeControl "5400"]

1. Nf3 d5 2. g3 c5 3. Bg2 Nf6 4. O-O Nc6 5. d3 e5 6. Bg5 Be7 7. c4 d4 8. a3 O-O
9. Nbd2 a5 10. Ne1 Qc7 11. e4 dxe3 12. Bxe3 Ng4 13. Ne4 f5 14. Nc3 f4 15. Nd5
Qd6 16. Bd2 Be6 17. Nf3 Nf6 18. Nxe7+ Nxe7 19. Qe2 Nc6 20. Bc3 Bg4 21. h3 Bxf3
22. Qxf3 Nd4 23. Bxd4 Qxd4 24. g4 h6 25. Rae1 Rf7 26. Re2 Rd8 27. Rfe1 Ra8 28.
Rf1 Rd8 29. Rfe1 Re7 30. h4 g5 31. Qh3 Rd6 32. Be4 gxh4 33. Bf5 Rb6 34. Qxh4 f3
35. Re3 Qf4 36. Re4 Qd2 37. R4e3 Qxb2 38. Rxf3 Qxa3 39. Kg2 Qc3 40. Rh1 Qd2 41.
g5 Qxg5+ 42. Rg3 Rg7 43. Rxg5 Rxg5+ 44. Kf1 Rxf5 45. Qh3 Rb1+ 46. Ke2 Rb2+ 47.
Ke1 Rb1+ 48. Ke2 Rb2+ 49. Ke1 Rfxf2 50. Qe6+ Kf8 51. Rxh6 Rbe2+ 52. Kd1 Rd2+
53. Ke1 1/2-1/2

[Event "World Junior U20 Championship"]
[Site "Czarna"]
[Date "2010.08.04"]
[Round "2.26"]
[White "Krzyzanowski, Marcin"]
[Black "Safarli, Eltaj"]
[Result "0-1"]
[WhiteElo "2377"]
[BlackElo "2603"]
[PlyCount "126"]
[EventDate "2010.??.??"]
[TimeControl "5400"]

1. e4 c5 2. Nf3 d6 3. d4 cxd4 4. Nxd4 Nf6 5. Nc3 a6 6. Bg5 Nbd7 7. Bc1 Nb8 8.
Bg5 Nbd7 9. Bc4 Qa5 10. Qd2 h6 11. Be3 Qc7 12. Be2 e6 13. f4 b5 14. Bf3 Bb7 15.
a3 Nc5 16. e5 Nfe4 17. Nxe4 Nxe4 18. Qe2 dxe5 19. fxe5 Qxe5 20. O-O-O Bc5 21.
g3 O-O 22. Rhe1 f5 23. Bf4 Qf6 24. Nb3 Be7 25. Nd2 Bc5 26. Nb3 Be7 27. Nd2 g5
28. Bxe4 fxe4 29. Be3 Rad8 30. Bb6 Rde8 31. Nxe4 Qg6 32. Rd7 Bd5 33. Bd4 Rf7
34. Nd6 Bxd6 35. Rxd6 Rc8 36. c3 Ba2 37. Qc2 Qxc2+ 38. Kxc2 a5 39. Rb6 Rd7 40.
Kd2 Bc4 41. b3 Bxb3 42. Rxb5 a4 43. h4 gxh4 44. Rh5 hxg3 45. Rg1 Kh7 46. Rgh1
Rxd4+ 47. cxd4 g2 48. Rxh6+ Kg7 49. Rh7+ Kg6 50. R1h6+ Kg5 51. Rh5+ Kg4 52.
Rh4+ Kg3 53. Rh3+ Kf2 54. Rf7+ Kg1 55. Rfh7 Kf2 56. Rf7+ Kg1 57. Rf6 Rc2+ 58.
Kd3 Rf2 59. Rfh6 Kf1 60. Rh1+ g1=Q 61. Rxg1+ Kxg1 62. Kc3 Rc2+ 63. Kd3 Ra2 0-1

[Event "World Junior U20 Championship"]
[Site "Czarna"]
[Date "2010.08.04"]
[Round "2.27"]
[White "Hovhannisyan, Robert"]
[Black "Pavlidis, Anastasios"]
[Result "1-0"]
[WhiteElo "2529"]
[BlackElo "2359"]
[PlyCount "143"]
[EventDate "2010.??.??"]
[TimeControl "5400"]

1. e4 c5 2. Nf3 d6 3. d4 Nf6 4. Nc3 cxd4 5. Nxd4 g6 6. Be3 Bg7 7. Be2 Bf8 8.
Bf1 Bg7 9. Be2 O-O 10. Qd2 Ng4 11. Bxg4 Bxg4 12. f3 Bd7 13. Bh6 Bxh6 14. Qxh6
Nc6 15. O-O-O Ne5 16. h4 f6 17. Qd2 Nc4 18. Qd3 Rc8 19. b3 Ne5 20. Qd2 Qa5 21.
Nde2 Rc5 22. Kb1 Qa3 23. Nd5 Ra5 24. Nc1 Re8 25. f4 Nf7 26. h5 g5 27. g3 Rc5
28. h6 Be6 29. Ne3 Qa5 30. Qxa5 Rxa5 31. Ne2 Rc5 32. c4 Bd7 33. Nc3 b5 34. Nxb5
Bxb5 35. cxb5 Rxb5 36. Nd5 Rb7 37. Rc1 Reb8 38. Rc4 Kf8 39. Kb2 Kg8 40. Kb1 Kf8
41. Kb2 Kg8 42. b4 a5 43. a3 Nd8 44. Rhc1 axb4 45. axb4 gxf4 46. gxf4 e6 47.
Nxf6+ Kf7 48. Nxh7 Kg6 49. Ng5 Kxh6 50. Kb3 Kg6 51. Kb2 Kh6 52. Kb3 e5 53. Rh1+
Kg6 54. Rg1 exf4 55. Ne6+ Kf7 56. Nxf4 Nc6 57. Rxc6 Rxb4+ 58. Kc3 Rxe4 59. Rf1
Ree8 60. Nd5+ Ke6 61. Kd4 Rf8 62. Re1+ Kf5 63. Rc2 Kg4 64. Ne3+ Kh5 65. Rh2+
Kg6 66. Rg2+ Kf7 67. Rf2+ Ke6 68. Nd5+ Kd7 69. Re7+ Kc6 70. Rxf8 Rxf8 71. Kc4
Rf7 72. Nb4+ 1-0

[Event "World Junior U20 Championship"]
[Site "Czarna"]
[Date "2010.08.04"]
[Round "2.28"]
[White "Thavandiran, Shiyam"]
[Black "Ter-Sahakyan, Samvel"]
[Result "0-1"]
[WhiteElo "2318"]
[BlackElo "2525"]
[PlyCount "58"]
[EventDate "2010.??.??"]
[TimeControl "5400"]

1. e4 c5 2. c3 Nf6 3. e5 Nd5 4. g3 d6 5. exd6 Qxd6 6. Bg2 Nc6 7. Bf1 Nb8 8. Bg2
Nc6 9. Na3 Nc7 10. Qe2 Bf5 11. Nb5 Nxb5 12. Qxb5 O-O-O 13. d4 e5 14. Bg5 f6 15.
dxe5 Qxe5+ 16. Be3 Be4 17. Qf1 Qd5 18. f3 Bd3 19. Qf2 Re8 20. O-O-O c4 21. f4
Qa5 22. Rxd3 cxd3 23. Kb1 Bc5 24. Bxc5 Qxc5 25. Nh3 Qf5 26. g4 Qb5 27. Bf3 Re7
28. Re1 d2 29. Re3 Rxe3 0-1

[Event "World Junior U20 Championship"]
[Site "Czarna"]
[Date "2010.08.04"]
[Round "2.29"]
[White "Diamant, Andre"]
[Black "Kantans, Toms"]
[Result "1/2-1/2"]
[WhiteElo "2518"]
[BlackElo "2343"]
[PlyCount "77"]
[EventDate "2010.??.??"]
[TimeControl "5400"]

1. e4 c5 2. Nf3 Nf6 3. Nc3 Nc6 4. d4 d5 5. exd5 Nxd5 6. dxc5 Nxc3 7. Qxd8+ Kxd8
8. bxc3 f6 9. Be3 e5 10. Bc4 Kc7 11. Rb1 Bd7 12. Ke2 Ne7 13. Nd2 Bc6 14. f3 Nd5
15. Bxd5 Bxd5 16. c4 Bc6 17. Nb3 a5 18. Nd2 Be7 19. Ne4 f5 20. Nc3 Rad8 21.
Rhd1 Rxd1 22. Rxd1 Kc8 23. Nd5 Bd8 24. Bd2 Re8 25. Bc3 g5 26. Kf2 e4 27. Bd4
exf3 28. gxf3 g4 29. fxg4 fxg4 30. Kg3 h5 31. Rf1 Re4 32. Bf6 Re8 33. Bd4 Re4
34. Bf6 Rxc4 35. Bxd8 Bxd5 36. Bb6 Bf3 37. Rf2 Kd7 38. Kh4 Rc3 39. Bxa5 1/2-1/2

[Event "World Junior U20 Championship"]
[Site "Czarna"]
[Date "2010.08.04"]
[Round "2.30"]
[White "Straka, Josef Jr"]
[Black "Sethuraman, Sethuraman Panayappa"]
[Result "1/2-1/2"]
[WhiteElo "2337"]
[BlackElo "2513"]
[PlyCount "49"]
[EventDate "2010.??.??"]
[TimeControl "5400"]

1. d4 Nf6 2. c4 e6 3. Nf3 d5 4. Nc3 c6 5. e3 Nbd7 6. Bd3 dxc4 7. Bxc4 b5 8. Be2
Bb7 9. O-O Bd6 10. e4 e5 11. dxe5 Nxe5 12. Nd4 Bc7 13. Bg5 O-O 14. Nf5 b4 15.
Na4 Qxd1 16. Rfxd1 Nxe4 17. Be7 Rfe8 18. Bxb4 a5 19. Ba3 Rad8 20. Be7 Ra8 21.
Ba3 Rad8 22. Nc5 Nxc5 23. Bxc5 Ng6 24. Bf3 Ne5 25. Be2 1/2-1/2

[Event "World Girls U20 Championship"]
[Site "Czarna"]
[Date "2010.08.04"]
[Round "2.1"]
[White "Nesterovskaya, Anzhelika"]
[Black "Muzychuk, Anna"]
[Result "0-1"]
[WhiteElo "2177"]
[BlackElo "2527"]
[PlyCount "84"]
[EventDate "2010.??.??"]
[TimeControl "5400"]

1. e4 c5 2. Nf3 e6 3. d4 cxd4 4. Nxd4 a6 5. Bd3 Bc5 6. Nb3 Be7 7. O-O Nc6 8. f4
d6 9. Kh1 Nf6 10. Qe2 Qc7 11. Nc3 b5 12. a4 b4 13. Nd1 O-O 14. Re1 g6 15. Ne3
Re8 16. f5 Bf8 17. Qf2 Bg7 18. Nc4 exf5 19. Bf4 Ne5 20. Qb6 Qxb6 21. Nxb6 Nxd3
22. cxd3 Ra7 23. Bxd6 fxe4 24. dxe4 Ng4 25. Bc5 Be6 26. Nd5 Rd7 27. Rad1 Bxb2
28. h3 Nf6 29. Bxb4 Rb7 30. Nc5 Bxd5 31. exd5 Rxb4 32. Rxe8+ Nxe8 33. d6 Nxd6
34. Rxd6 Bd4 35. Nb3 Be5 36. Rd5 f6 37. Rd8+ Kg7 38. Rd7+ Kh6 39. Rd3 Rxa4 40.
g4 Ra2 41. Nd2 Kg5 42. Kg1 a5 0-1

[Event "World Girls U20 Championship"]
[Site "Czarna"]
[Date "2010.08.04"]
[Round "2.2"]
[White "Cori Tello, Deysi Estela"]
[Black "Lach, Aleksandra"]
[Result "1-0"]
[WhiteElo "2403"]
[BlackElo "2179"]
[PlyCount "95"]
[EventDate "2010.??.??"]
[TimeControl "5400"]

1. d4 Nf6 2. c4 g6 3. Nf3 Bg7 4. g3 O-O 5. Bg2 d6 6. O-O Nbd7 7. Nc3 e5 8. h3
a6 9. Rb1 Rb8 10. b4 b5 11. cxb5 axb5 12. dxe5 dxe5 13. Be3 c6 14. a4 bxa4 15.
Qd6 Bb7 16. Nxa4 Nd5 17. Bg5 f6 18. e4 fxg5 19. Qe6+ Kh8 20. exd5 cxd5 21. Nxg5
Qxg5 22. Qxd7 e4 23. Nc5 Bc8 24. Qd6 Ra8 25. Rbd1 e3 26. Rxd5 exf2+ 27. Kh2 Qh6
28. Rd2 Ra3 29. Rdxf2 Re8 30. Ne4 Bf5 31. b5 Re3 32. Nf6 Rc8 33. Qa6 Rd8 34.
Qb6 Red3 35. Ne4 Re8 36. Nd6 Rf8 37. Nxf5 gxf5 38. Qxh6 Bxh6 39. Rxf5 Rg8 40.
R1f3 Rd2 41. Rf2 Rd1 42. Re2 Rd3 43. Rf3 Rd4 44. Rf7 Rb4 45. Re5 Rb3 46. Ree7
Bg7 47. Rxg7 Rxg7 48. Re8+ 1-0

[Event "World Girls U20 Championship"]
[Site "Czarna"]
[Date "2010.08.04"]
[Round "2.3"]
[White "Tsirulnik, Maritsa"]
[Black "Girya, Olga"]
[Result "0-1"]
[WhiteElo "2153"]
[BlackElo "2376"]
[PlyCount "86"]
[EventDate "2010.??.??"]
[TimeControl "5400"]

1. d4 d5 2. c4 c6 3. Nf3 Nf6 4. e3 Bf5 5. Nc3 e6 6. Be2 Nbd7 7. O-O Bd6 8. b3
Ne4 9. Bb2 Qf6 10. Nd2 Qh6 11. f4 Nxc3 12. Bxc3 g5 13. c5 Bc7 14. e4 Bg6 15. e5
gxf4 16. Bg4 Qg5 17. Qf3 h5 18. Bh3 Bf5 19. Rae1 Bxh3 20. Qxh3 Nf8 21. Nf3 Qg4
22. Qxg4 hxg4 23. Nd2 Ng6 24. b4 a5 25. a3 axb4 26. Bxb4 Kd7 27. Nb3 Rh7 28. g3
Rah8 29. Re2 fxg3 30. hxg3 Rh1+ 31. Kf2 Ne7 32. Rxh1 Rxh1 33. Kg2 Rb1 34. Nd2
Rd1 35. Re3 Nf5 36. Rd3 Bd8 37. Kf2 Bg5 38. Ke2 Rc1 39. Nf1 Rc4 40. Bc3 f6 41.
Nh2 fxe5 42. dxe5 Be3 43. Bd2 Bg1 0-1

[Event "World Girls U20 Championship"]
[Site "Czarna"]
[Date "2010.08.04"]
[Round "2.4"]
[White "Severiukhina, Zoja"]
[Black "Gosciniak, Maria"]
[Result "0-1"]
[WhiteElo "2341"]
[BlackElo "2149"]
[PlyCount "106"]
[EventDate "2010.??.??"]
[TimeControl "5400"]

1. e4 e5 2. Nf3 Nc6 3. Bb5 a6 4. Ba4 Nf6 5. O-O Be7 6. Re1 b5 7. Bb3 d6 8. c3
O-O 9. h3 Nb8 10. d4 Nbd7 11. Nbd2 Bb7 12. Bc2 Re8 13. Nf1 Bf8 14. Ng3 g6 15.
a4 c5 16. d5 c4 17. Bg5 h6 18. Be3 Nc5 19. Qd2 h5 20. Bg5 Bg7 21. Nh4 Rb8 22.
axb5 axb5 23. Nf3 Ra8 24. Nh4 Rb8 25. Kh2 Qc7 26. Nhf5 Ncd7 27. Nxg7 Kxg7 28.
f4 Rh8 29. fxe5 Nxe5 30. Bxf6+ Kxf6 31. Rf1+ Kg7 32. Qg5 Qd8 33. Nf5+ Kg8 34.
Ne7+ Kg7 35. Nf5+ Kf8 36. Qxd8+ Rxd8 37. Nd4 Rb8 38. Ra7 Kg7 39. Nxb5 Bxd5 40.
Nxd6 Be6 41. Ba4 Rxb2 42. Be8 Rf8 43. Ra5 Rd2 44. Nb7 Nd3 45. Bc6 Rb8 46. Nd6
Rbb2 47. e5 Re2 48. Ne8+ Kh6 49. Nf6 Nxe5 50. Ra8 Nxc6 51. Rh8+ Kg5 52. Nh7+
Kh4 53. Rf4+ Bg4 0-1

[Event "World Girls U20 Championship"]
[Site "Czarna"]
[Date "2010.08.04"]
[Round "2.5"]
[White "Exler, Veronika"]
[Black "Ohme, Melanie"]
[Result "0-1"]
[WhiteElo "2143"]
[BlackElo "2326"]
[PlyCount "54"]
[EventDate "2010.??.??"]
[TimeControl "5400"]

1. d4 Nf6 2. Nf3 c5 3. d5 d6 4. Nc3 g6 5. e4 Bg7 6. h3 O-O 7. Bc4 Nbd7 8. a4
Nh5 9. g4 Nhf6 10. Bf4 Qa5 11. Qd2 Qb4 12. Bd3 c4 13. Be2 Qxb2 14. O-O Qb6 15.
Bxc4 Qb4 16. Bd3 Nxg4 17. hxg4 Bxc3 18. Qe3 Bxa1 19. Rxa1 Nf6 20. g5 Ng4 21.
Qc1 Bd7 22. Bd2 Qc5 23. Qf1 f6 24. Be1 fxg5 25. Nxg5 Qd4 26. c3 Qe5 27. f4 Rxf4
0-1

[Event "World Girls U20 Championship"]
[Site "Czarna"]
[Date "2010.08.04"]
[Round "2.6"]
[White "Baciu, Diana"]
[Black "Ziaziulkina, Nastassia"]
[Result "0-1"]
[WhiteElo "2127"]
[BlackElo "2293"]
[PlyCount "98"]
[EventDate "2010.??.??"]
[TimeControl "5400"]

1. e4 c5 2. Nf3 e6 3. c3 Nf6 4. e5 Nd5 5. d4 cxd4 6. cxd4 b6 7. Bd3 Ba6 8. O-O
Be7 9. Bxa6 Nxa6 10. Nbd2 O-O 11. Ne4 h6 12. Bd2 Nac7 13. Rc1 d6 14. Qa4 dxe5
15. dxe5 Qe8 16. Qb3 Na6 17. Qc4 Nc5 18. Nxc5 Bxc5 19. b4 Be7 20. Nd4 Rc8 21.
Qb3 Qd7 22. b5 Rxc1 23. Bxc1 Nb4 24. Bb2 Bc5 25. Rd1 Qc7 26. a3 Nd5 27. Nc6 a6
28. a4 axb5 29. axb5 Ne7 30. Nb4 Bxb4 31. Qxb4 Nd5 32. Qd4 Rc8 33. h3 Qd7 34.
Qa4 Rc5 35. Bd4 Rc8 36. Ra1 Qd8 37. Qa7 Rb8 38. Rc1 Nf4 39. Kf1 Rc8 40. Rxc8
Qxc8 41. Be3 Nd5 42. Qa6 Qc3 43. Bxb6 Qc1+ 44. Ke2 Qc2+ 45. Kf3 Qf5+ 46. Ke2
Nf4+ 47. Kd2 Qd3+ 48. Kc1 Qc4+ 49. Kb1 Nd3 0-1

[Event "World Girls U20 Championship"]
[Site "Czarna"]
[Date "2010.08.04"]
[Round "2.7"]
[White "Muminova, Nafisa"]
[Black "Guadamuro Torrente, Anabel"]
[Result "1-0"]
[WhiteElo "2290"]
[BlackElo "2137"]
[PlyCount "107"]
[EventDate "2010.??.??"]
[TimeControl "5400"]

1. e4 e5 2. Nf3 Nc6 3. Bb5 Nf6 4. O-O Nxe4 5. d4 Nd6 6. Bxc6 dxc6 7. dxe5 Nf5
8. Qxd8+ Kxd8 9. Nc3 h6 10. b3 Ne7 11. Bb2 Ng6 12. Ne4 Bd7 13. Rad1 Kc8 14. Rd2
b6 15. Rfd1 Bg4 16. Ng3 c5 17. h3 Be6 18. Nh5 Ne7 19. Nf4 Bf5 20. e6 f6 21. c4
Kb7 22. Rd7 Rg8 23. Re1 Re8 24. g4 Bh7 25. Nh5 Bg6 26. Ng3 Nc6 27. Nh4 Bc2 28.
Nhf5 Bxf5 29. Nxf5 g6 30. Ng3 Be7 31. Ne4 Ne5 32. Bxe5 fxe5 33. Rd5 Rgf8 34.
Rxe5 Bh4 35. Rd1 Kc6 36. Rd7 Rf3 37. Rg7 Bf6 38. Nxf6 Rxf6 39. e7 Kd6 40. Re2
g5 41. Kg2 c6 42. Kg3 a5 43. h4 gxh4+ 44. Kxh4 b5 45. Kg3 Kd7 46. Rd2+ Kc7 47.
Re2 Rd6 48. f4 bxc4 49. bxc4 Kd7 50. f5 Rd3+ 51. Kh4 Rf3 52. Kh5 Rh3+ 53. Kg6
Rg3 54. Kf7 1-0

[Event "World Girls U20 Championship"]
[Site "Czarna"]
[Date "2010.08.04"]
[Round "2.8"]
[White "Nemcova, Katerina"]
[Black "Saduakassova, Dinara"]
[Result "1-0"]
[WhiteElo "2282"]
[BlackElo "2131"]
[PlyCount "75"]
[EventDate "2010.??.??"]
[TimeControl "5400"]

1. e4 c5 2. Nf3 d6 3. d4 cxd4 4. Nxd4 Nf6 5. Nc3 a6 6. Be3 e5 7. Nb3 Be7 8. Qd2
Be6 9. f4 Ng4 10. f5 Bxb3 11. axb3 Nxe3 12. Qxe3 Nc6 13. Nd5 Bg5 14. Qf2 Ne7
15. Nb6 Rb8 16. h4 Bf4 17. Rd1 Bg3 18. Qxg3 Qxb6 19. Bc4 Kf8 20. Rf1 Ng8 21.
Qd3 Rd8 22. g4 Qa5+ 23. c3 b5 24. Bd5 h6 25. g5 hxg5 26. hxg5 Ne7 27. Bxf7 Kxf7
28. f6 gxf6 29. gxf6 Ng6 30. Qd5+ Kf8 31. Qb7 Rg8 32. b4 Qa2 33. Qc7 Ra8 34.
Qxd6+ Kf7 35. Qc7+ Kf8 36. Qc5+ Kf7 37. Rd7+ Ke8 38. Re7+ 1-0

[Event "World Girls U20 Championship"]
[Site "Czarna"]
[Date "2010.08.04"]
[Round "2.9"]
[White "Newrkla, Katharina"]
[Black "Padmini, Rout"]
[Result "0-1"]
[WhiteElo "2105"]
[BlackElo "2275"]
[PlyCount "88"]
[EventDate "2010.??.??"]
[TimeControl "5400"]

1. e4 c5 2. Nf3 d6 3. d4 cxd4 4. Nxd4 Nf6 5. Nc3 a6 6. Be3 e5 7. Nb3 Be7 8. f3
Be6 9. Qd2 O-O 10. O-O-O a5 11. Bb5 Na6 12. Qe2 Qb8 13. g4 Rc8 14. g5 Nh5 15.
Kb1 a4 16. Nxa4 Nb4 17. Nc3 Nf4 18. Qd2 d5 19. Bxf4 exf4 20. a3 dxe4 21. axb4
Bxb4 22. Qd4 Bxc3 23. bxc3 Qc7 24. c4 e3 25. Qd6 Bxc4 26. Qxc7 Rxc7 27. Bxc4
Rxc4 28. Rd4 Rac8 29. Rxc4 Rxc4 30. Rd1 Kf8 31. Nc1 Ke7 32. Ne2 f6 33. Rd5 fxg5
34. Rxg5 Kf6 35. h4 h6 36. Rb5 g5 37. Rb6+ Rc6 38. hxg5+ hxg5 39. Rxb7 Rd6 40.
c4 g4 41. fxg4 f3 42. Rb2 Rd1+ 43. Ka2 fxe2 44. Rxe2 Rd2+ 0-1

[Event "World Girls U20 Championship"]
[Site "Czarna"]
[Date "2010.08.04"]
[Round "2.10"]
[White "Melekhina, Alisa"]
[Black "Forestier, Carole"]
[Result "1-0"]
[WhiteElo "2265"]
[BlackElo "2103"]
[PlyCount "57"]
[EventDate "2010.??.??"]
[TimeControl "5400"]

1. e4 e6 2. d4 d5 3. e5 c5 4. c3 Qb6 5. Nf3 Nc6 6. Bd3 cxd4 7. cxd4 Bd7 8. O-O
Nxd4 9. Nbd2 Nc6 10. Nb3 Nge7 11. Be3 Qc7 12. Rc1 Ng6 13. Nc5 Rc8 14. Re1 Be7
15. b4 a6 16. a4 Nxb4 17. Nxe6 Qa5 18. Rxc8+ Bxc8 19. Nxg7+ Kd8 20. Bf5 Kc7 21.
Qd4 Nc6 22. Rc1 Rd8 23. e6 fxe6 24. Bxg6 hxg6 25. Ne5 Ba3 26. Nxc6 bxc6 27.
Qa7+ Kd6 28. Bb6 Bc5 29. Qc7# 1-0

[Event "World Girls U20 Championship"]
[Site "Czarna"]
[Date "2010.08.04"]
[Round "2.11"]
[White "Uta, Adeline-Ramona"]
[Black "Mammadova, Gulnar Marfat"]
[Result "0-1"]
[WhiteElo "2099"]
[BlackElo "2260"]
[PlyCount "104"]
[EventDate "2010.??.??"]
[TimeControl "5400"]

1. e4 c5 2. Nf3 Nc6 3. d4 cxd4 4. Nxd4 Nf6 5. Nc3 e5 6. Ndb5 d6 7. Bg5 a6 8.
Na3 b5 9. Nd5 Be7 10. Bxf6 Bxf6 11. c3 O-O 12. Be2 Bg5 13. O-O Kh8 14. Nc2 f5
15. f3 Ra7 16. a4 bxa4 17. Rxa4 a5 18. b4 Be6 19. b5 Ne7 20. Nxe7 Bxe7 21. c4
Qb6+ 22. Kh1 Bd8 23. Na1 fxe4 24. fxe4 Rxf1+ 25. Bxf1 Rf7 26. Nb3 Qf2 27. Bd3
Bg4 28. Qg1 Qxg1+ 29. Kxg1 Bb6+ 30. c5 dxc5 31. Bc4 Ra7 32. Ra1 g6 33. Rf1 Kg7
34. Nc1 Rd7 35. h3 Rd4 36. Bd5 c4 37. Kh2 Rd1 38. Rxd1 Bxd1 39. Bxc4 a4 40. Kg3
Kf6 41. Bd3 Ke6 42. Na2 Kd6 43. Nb4 Bb3 44. Bb1 Kc5 45. Na2 Kxb5 46. Kg4 h6 47.
h4 Bd1+ 48. Kg3 Kc4 49. Nc1 Kc3 50. Nd3 Kc4 51. Nc1 Kc3 52. Nd3 a3 0-1

[Event "World Girls U20 Championship"]
[Site "Czarna"]
[Date "2010.08.04"]
[Round "2.12"]
[White "Rysbayeva, Nazerke"]
[Black "Olsarova, Tereza"]
[Result "1-0"]
[WhiteElo "2052"]
[BlackElo "2252"]
[PlyCount "63"]
[EventDate "2010.??.??"]
[TimeControl "5400"]

1. d4 Nf6 2. c4 c5 3. d5 e6 4. Nc3 exd5 5. cxd5 d6 6. Nf3 g6 7. e4 Bg7 8. h3 a6
9. a4 Nbd7 10. Bd3 Nh5 11. O-O Ne5 12. Be2 Nxf3+ 13. Bxf3 Qh4 14. Bg4 O-O 15.
Bxc8 Raxc8 16. Qg4 Qe7 17. Bg5 Qc7 18. Rfe1 Qa5 19. Be7 Be5 20. Bxf8 Rxf8 21.
g3 Qb4 22. Rab1 Bd4 23. Kg2 Re8 24. Qd7 Nf6 25. Qc7 c4 26. Red1 Bc5 27. Re1 Kf8
28. a5 Kg7 29. f4 Ng8 30. e5 Nh6 31. Qd7 Kf8 32. e6 1-0

[Event "World Girls U20 Championship"]
[Site "Czarna"]
[Date "2010.08.04"]
[Round "2.13"]
[White "Dragojevic, Marija"]
[Black "Skinke, Katrina"]
[Result "0-1"]
[WhiteElo "1986"]
[BlackElo "2237"]
[PlyCount "56"]
[EventDate "2010.??.??"]
[TimeControl "5400"]

1. e4 d6 2. d4 Nf6 3. Nc3 g6 4. Bg5 Bg7 5. e5 Nfd7 6. Nd5 Nc6 7. Bb5 h6 8. Bh4
g5 9. exd6 cxd6 10. Bg3 Nxd4 11. Bc4 b5 12. Bd3 Bb7 13. Ne3 b4 14. Qd2 a5 15.
h4 gxh4 16. Bxh4 Rc8 17. Rc1 Qc7 18. c3 Nc5 19. Bc4 bxc3 20. bxc3 Nde6 21. Bb5+
Kf8 22. Nf5 Ne4 23. Bxe7+ Kg8 24. Qe3 Bxc3+ 25. Ke2 Qc5 26. Qxc5 Rxc5 27. Nxd6
Nf4+ 28. Kf3 Nxd6+ 0-1

[Event "World Girls U20 Championship"]
[Site "Czarna"]
[Date "2010.08.04"]
[Round "2.14"]
[White "Kulon, Klaudia"]
[Black "Anu, Bayar"]
[Result "1-0"]
[WhiteElo "2230"]
[BlackElo "1935"]
[PlyCount "97"]
[EventDate "2010.??.??"]
[TimeControl "5400"]

1. c4 Nf6 2. Nc3 g6 3. g3 Bg7 4. Bg2 O-O 5. e3 d6 6. Nge2 c6 7. O-O Nbd7 8. d3
Qc7 9. b4 e5 10. Rb1 Nb6 11. a4 a5 12. Qb3 Nfd7 13. Ba3 axb4 14. Qxb4 c5 15.
Qb3 Ra6 16. Nb5 Qb8 17. Nec3 Rd8 18. Rfd1 Rf8 19. Rf1 Rd8 20. Rfd1 Nf6 21. d4
cxd4 22. exd4 Be6 23. d5 Bf5 24. Ra1 Bf8 25. Nxd6 Bxd6 26. c5 Bf8 27. cxb6 Bxa3
28. Qxa3 Rxb6 29. Nb5 e4 30. Qc5 Nd7 31. Qe3 Qe5 32. h3 h5 33. Qg5 Qf6 34. Qf4
Qe5 35. Qg5 Qf6 36. Qe3 Qe5 37. Rdc1 Rf6 38. Rd1 Rb6 39. Qg5 Qf6 40. Qf4 Qe5
41. Qg5 Qf6 42. Qe3 Qe5 43. Rdc1 Rf6 44. d6 b6 45. Rab1 Nc5 46. a5 Nd3 47. Rd1
Nxf2 48. Qxf2 e3 49. Qb2 1-0

[Event "World Girls U20 Championship"]
[Site "Czarna"]
[Date "2010.08.04"]
[Round "2.15"]
[White "Nakhbayeva, Guliskhan"]
[Black "Orehek, Spela"]
[Result "1-0"]
[WhiteElo "2216"]
[BlackElo "1883"]
[PlyCount "75"]
[EventDate "2010.??.??"]
[TimeControl "5400"]

1. d4 d5 2. c4 c6 3. Nc3 a6 4. cxd5 cxd5 5. Bf4 Nc6 6. e3 Nf6 7. Rc1 Qb6 8. Qd2
Bf5 9. Nf3 e6 10. a3 Nh5 11. Be5 f6 12. Bg3 Be7 13. Na4 Qd8 14. Nc5 Nxg3 15.
hxg3 Na5 16. Qd1 Bxc5 17. Rxc5 b6 18. Rc3 b5 19. Nh4 Nc4 20. g4 Be4 21. Qc1 Rc8
22. f3 g5 23. fxe4 gxh4 24. exd5 exd5 25. Bd3 Qd6 26. Bf5 Rd8 27. O-O h3 28.
Rf3 hxg2 29. b3 Na5 30. Kxg2 O-O 31. Rc7 Rf7 32. Rxf7 Kxf7 33. Bxh7 Rh8 34. Qc2
Ke7 35. Qg6 Rf8 36. g5 Qe6 37. Bg8 Qd6 38. Qg7+ 1-0

[Event "World Girls U20 Championship"]
[Site "Czarna"]
[Date "2010.08.04"]
[Round "2.16"]
[White "Toth, Sarolta"]
[Black "Rykala, Monika"]
[Result "1-0"]
[WhiteElo "2207"]
[BlackElo "1747"]
[PlyCount "171"]
[EventDate "2010.??.??"]
[TimeControl "5400"]

1. Nf3 f5 2. c4 Nf6 3. g3 e6 4. Bg2 Be7 5. O-O O-O 6. d4 d5 7. b3 c6 8. Ba3
Nbd7 9. Qc1 Ne4 10. Nbd2 Ndf6 11. Bxe7 Qxe7 12. Ne5 Bd7 13. Ndf3 Be8 14. Nd3
Bh5 15. Qb2 Rad8 16. Qc1 Ra8 17. Qb2 Rad8 18. Nfe5 Nd7 19. e3 Bg6 20. b4 Nd6
21. Rfc1 Rfe8 22. a4 Nb6 23. c5 Ndc4 24. Qc3 Nxe5 25. dxe5 Nc4 26. Bf1 Qc7 27.
Qd4 Nd2 28. Qb2 Nc4 29. Qc3 Bh5 30. Ra2 Bf3 31. Qd4 g5 32. Bg2 Be4 33. f4 Bxg2
34. Kxg2 Qg7 35. Nb2 Nxb2 36. Rxb2 g4 37. b5 Rb8 38. Rcb1 Qc7 39. b6 axb6 40.
Rxb6 Red8 41. Qb4 d4 42. exd4 Qd7 43. Rd1 Qd5+ 44. Kg1 Qf3 45. Qb3 Qxb3 46.
Rxb3 Kf7 47. Kf2 Ke7 48. Ke3 Kd7 49. h3 Rg8 50. hxg4 Rxg4 51. Kf2 Kc7 52. Rdb1
h6 53. a5 Rgg8 54. Kg2 Rgd8 55. Kh3 Rg8 56. R3b2 Rgd8 57. Kg2 Rg8 58. Kf3 Rh8
59. g4 fxg4+ 60. Kxg4 Rhg8+ 61. Kf3 Rh8 62. Rg2 Rh7 63. Rg6 Re8 64. Kg4 h5+ 65.
Kh4 Rf8 66. Rf1 Re8 67. Rb1 Rf8 68. Rf1 Rd8 69. Rxe6 Rxd4 70. Kg5 h4 71. Kg6
Rdd7 72. Kf5 h3 73. Rh1 h2 74. Rd6 Rdf7+ 75. Rf6 Rd7 76. e6 Rde7 77. Ke5 Reg7
78. Rf7+ Rxf7 79. exf7 Rxf7 80. Rxh2 Kd7 81. f5 Ke7 82. Rb2 Ke8 83. f6 Rh7 84.
Ke6 b5 85. cxb6 c5 86. b7 1-0

[Event "World Girls U20 Championship"]
[Site "Czarna"]
[Date "2010.08.04"]
[Round "2.17"]
[White "Gora, Antonina"]
[Black "Warakomska, Anna"]
[Result "0-1"]
[WhiteElo "1579"]
[BlackElo "2192"]
[PlyCount "76"]
[EventDate "2010.??.??"]
[TimeControl "5400"]

1. e4 c5 2. Nf3 d6 3. d4 cxd4 4. Nxd4 Nf6 5. Nc3 a6 6. Be2 e6 7. Be3 Be7 8. O-O
O-O 9. Qd2 Qc7 10. f3 Nbd7 11. a4 b6 12. Rac1 Bb7 13. Na2 d5 14. Bd3 dxe4 15.
fxe4 Nxe4 16. Qe2 Bd6 17. Nf3 Ndf6 18. Bxe4 Nxe4 19. c4 Nf6 20. h3 Nh5 21. Rfd1
Rfd8 22. b3 Bf4 23. Nc3 h6 24. Qf2 Bg3 25. Qf1 Nf4 26. Kh1 Qc6 27. Kg1 Qc7 28.
Kh1 Qc6 29. Ne2 Nxe2 30. Qxe2 e5 31. Qf1 Qg6 32. c5 bxc5 33. Rxc5 e4 34. Nd4
Bd6 35. Rf5 Qg3 36. Bf4 Bxf4 37. Rxf4 e3 38. Rg4 Qxh3+ 0-1